 Dungeon Sprint DCSS version 0.31-a0-18-gea43df2a32 (webtiles) character file.

Game seed: 16339722903353745402

138 zazu2006 the Skirmisher (level 8, -7/68 HPs)
             Began as a Gnoll Hunter on May 10, 2023.
             Was a High Priest of Vehumet.
             Mangled by an ice beast (11 damage)
             ... in the Dungeon (Sprint VI: "Thunderdome").
             The game lasted 00:05:34 (465 turns).

zazu2006 the Skirmisher (Gnoll Hunter)               Turns: 465, Time: 00:05:34

Health: -7/68      AC:  4    Str: 11    XL:     8   Next: 39%
Magic:  17/18      EV: 16    Int: 13    God:    Vehumet [*****.]
Gold:   40         SH:  0    Dex: 17    Spells: 17/20 levels left

rFire   + . .        a - +0 shortbow
rCold   . . .        (shield currently unavailable)
rNeg    . . .        n - +2 robe {Archmagi}
rPois   .            (no helmet)
rElec   .            (no cloak)
rCorr   .            (no gloves)
SInv    .            (no boots)
Will    .....        (no amulet)
Stlth   +++++        p - ring of Compassion {+Blink Fly Stlth+}
HPRegen 0.31/turn    q - ring "Banoyn" {rF+ Int+4}
MPRegen 0.16/turn

%: no teleportation, archmagi
@: flying
A: fangs 1, strong nose, distributed training
a: Renounce Religion, Evoke Blink


You were in the Dungeon.
You worshipped Vehumet.
Vehumet was extremely pleased with you.
You visited 1 branch You collected 280 gold pieces.
You spent 240 gold pieces at shops.

Inventory:

Hand Weapons
 a - a +0 shortbow (weapon)
Armour
 c - a +0 leather armour
 n - a +2 robe of the Archmagi (worn)
Jewellery
 p - the ring of Compassion (left hand) {+Blink Fly Stlth+}
   (You bought it in a shop in the Dungeon)

   [ring of flight]

   Fly:       It grants you flight.
   +Blink:    It lets you blink.
   Stlth:     It makes you more stealthy.
 q - the ring "Banoyn" (right hand) {rF+ Int+4}
   (You bought it in a shop in the Dungeon)

   [ring of protection from fire]

   Int:       It affects your intelligence (+4).
   rF:        It protects you from fire.
Wands
 l - a wand of roots (4)
Scrolls
 b - a scroll of immolation
 i - 4 scrolls of blinking
 m - 3 scrolls of fog
 o - 3 scrolls of identify
Potions
 e - 2 potions of heal wounds
 f - 4 potions of haste
 g - 2 potions of magic
 h - a potion of berserk rage
 j - a potion of resistance


   Skills:
 + Level 8.2 Fighting
 + Level 6.7 Short Blades
 + Level 6.7 Long Blades
 + Level 6.7 Axes
 + Level 6.7 Maces & Flails
 + Level 6.7 Polearms
 + Level 6.7 Staves
 + Level 10.8 Ranged Weapons
 + Level 6.7 Throwing
 + Level 6.7 Armour
 + Level 8.2 Dodging
 + Level 7.1 Stealth
 + Level 6.7 Shields
 + Level 6.7 Unarmed Combat
 + Level 6.7 Spellcasting
 + Level 5.5 Conjurations
 + Level 5.5 Hexes
 + Level 5.5 Summonings
 + Level 5.5 Necromancy
 + Level 5.5 Translocations
 + Level 5.5 Transmutations
 + Level 5.5 Fire Magic
 + Level 5.5 Ice Magic
 + Level 5.5 Air Magic
 + Level 5.5 Earth Magic
 + Level 5.5 Poison Magic
 + Level 7.3 Invocations
 + Level 6.7 Evocations


You had 17 spell levels left.
You knew the following spells:

 Your Spells              Type           Power      Damage    Failure   Level
a - Magic Dart            Conj           100%       1d8       1%          1
b - Poisonous Vapours     Pois/Air       56%        N/A       1%          2

Your spell library contained the following spells:

 Spells                   Type           Power      Damage    Failure   Level
 Airstrike                Air            14%        2d(2-18)  4%          4


Dungeon Overview and Level Annotations

Branches:
Dungeon (1/1)

Altars:
Cheibriados
Dithmenos
Fedhas
Gozag
Kikubaaqudgha
Makhleb
Okawaru
Qazlal
Ru
Sif Muna
Trog
Uskayaw
Vehumet
Wu Jian
Xom
Yredelemnul
Zin
The Shining One
Lugonu

Shops:
D *[??*?*:[((!!!!


Innate Abilities, Weirdness & Mutations

You have very sharp teeth.
Your uncanny sense of smell can sniff out nearby items.
Your experience applies equally to all skills.


Message History

Unknown command.
Fire: a) +0 shortbow
Press: ? - help, Q - select action, (/) - cycle Shift-Dir - straight line, f/p - rime drake
Aim: a rime drake (almost dead, 62% to hit)
You shoot an arrow.
The arrow completely misses the rime drake.
The rime drake barely misses you.
Unknown command.
Fire: a) +0 shortbow
Press: ? - help, Q - select action, (/) - cycle Shift-Dir - straight line, f - ice beast, p - rime drake
Aim: an ice beast (almost dead, 68% to hit)
You shoot an arrow. The arrow hits the rime drake.
You kill the rime drake!
Vehumet accepts your kill.
You feel your power returning.
Your Fighting skill increases to level 8!
Your Dodging skill increases to level 8!
Your Stealth skill increases to level 7!
Your Invocations skill increases to level 7!
Fire: a) +0 shortbow
Press: ? - help, Q - select action, (/) - cycle Shift-Dir - straight line, f/p - ice beast
Aim: an ice beast (almost dead, 69% to hit)
You shoot an arrow.
The arrow hits the ice beast but does no damage.
The ice beast is almost dead.
The ice beast hits you.
* * * LOW HITPOINT WARNING * * *
The ice beast freezes you!
* * * LOW HITPOINT WARNING * * *
Unknown command.
Unknown command.
Fire: a) +0 shortbow
Press: ? - help, Q - select action, (/) - cycle Shift-Dir - straight line, f/p - ice beast
Aim: an ice beast (almost dead, 69% to hit)
You shoot an arrow. The arrow hits the ice beast.
The ice beast is almost dead.
The ice beast hits you.
* * * LOW HITPOINT WARNING * * *
The ice beast freezes you!
You die...

#_........# #_......._#
#_......._# ###.........###
#⌠...........⌠#
######.8.........8.######
##.___......###......___∩##
###∩........8.# #.8........∩##
##...†........@###..Y..........
#⌠..........###Y..###..........
#⌠..........# #†<.# #..........
#⌠..........###...###..........
##.............###..........)..
###∩........8.# #.8........∩##
##∩__.......###......_._∩##
######.8..$......8.######
#⌠...........⌠#


You could see an ice beast.

Vanquished Creatures
  2 rime drakes (D)
  Sigmund (D)
  A phantom (D)
  2 necrophages (D)
  6 killer bees (D)
  An adder zombie (D)
  An endoplasm (D)
  A ball python (D)
  A ball python skeleton (D)
  A bat (D)
  A frilled lizard (D)
  A jackal zombie (D)
19 creatures vanquished.

Notes
Turn   | Place    | Note
-------+----------+-------------------------------------------
     0 | D        | zazu2006 the Gnoll Hunter began the quest for the Orb.
     0 | D        | Reached XP level 1. HP: 20/20 MP: 1/1
     1 | D        | Found a corrupted altar of Lugonu.
     1 | D        | Found a glowing silver altar of Zin.
     2 | D        | Found a shimmering altar of Xom.
     2 | D        | Found an iron altar of Okawaru.
     3 | D        | Found a hide-covered altar of Uskayaw.
     3 | D        | Found a sacrificial altar of Ru.
     4 | D        | Found an opulent altar of Gozag.
     4 | D        | Found Jeob's Identification Station.
     5 | D        | Found a shimmering blue altar of Sif Muna.
     5 | D        | Round 1.
     6 | D        | Found an ancient bone altar of Kikubaaqudgha.
     6 | D        | Found a snail-covered altar of Cheibriados.
     6 | D        | Found Kymm's Magic Scroll Shop.
     6 | D        | Found Seysch Ohae's Staff Store.
     8 | D        | Found Puylefoq's Magic Scroll Shop.
     8 | D        | Found Zezokk's Must-Have Magic.
    10 | D        | Found a stormy altar of Qazlal.
    12 | D        | Found a blossoming altar of Fedhas.
    13 | D        | Found Hipiez's Distillery.
    13 | D        | Found a bloodstained altar of Trog.
    13 | D        | Found a radiant altar of Vehumet.
    13 | D        | Found Nuhysitt's Do-It-Yourself Clinic.
    14 | D        | Found Kanixuog's Distillery.
    14 | D        | Found Lioqil's Bottled Wisdom.
    17 | D        | Found a burning altar of Makhleb.
    21 | D        | Became a worshipper of Vehumet
    25 | D        | Noticed Sigmund
    31 | D        | Killed Sigmund
    32 | D        | Reached skill level 9 in Ranged Weapons
    32 | D        | Reached XP level 2. HP: 10/28 MP: 1/6
    32 | D        | Reached XP level 3. HP: 12/34 MP: 1/8
    32 | D        | Reached XP level 4. HP: 15/40 MP: 1/9
    32 | D        | Reached XP level 5. HP: 17/46 MP: 1/10
    49 | D        | Reached * piety under Vehumet
    49 | D        | Offered knowledge of Magic Dart by Vehumet.
    52 | D        | Learned a level 1 spell: Magic Dart
    59 | D        | Found a shadowy altar of Dithmenos.
    60 | D        | Found a basalt altar of Yredelemnul.
    60 | D        | Found a glowing golden altar of the Shining One.
    60 | D        | Found an ornate altar of the Wu Jian Council.
    60 | D        | Found Ladoxt's Weapon Rack.
    60 | D        | Found Battetop's Premium Goods.
    61 | D        | Found Cizat's Basic Armour.
    61 | D        | Found Ewitrol's Miscellaneous Merchandise.
    69 | D        | Found Usuytut's Advanced Armour.
    69 | D        | Found Caygaan's Jewellery.
    79 | D        | Arena points: 12 (+12) [x2]
   138 | D        | Round 2.
   174 | D        | Noticed a phantom
   185 | D        | Killed a phantom
   185 | D        | Offered knowledge of Poisonous Vapours by Vehumet.
   185 | D        | Reached ** piety under Vehumet
   186 | D        | Reached skill level 5 in Stealth
   186 | D        | Reached XP level 6. HP: 53/53 MP: 10/12
   196 | D        | Reached skill level 5 in Invocations
   235 | D        | Reached *** piety under Vehumet
   237 | D        | Arena points: 54 (+42) [x3]
   238 | D        | Reached skill level 5 in Short Blades
   238 | D        | Reached skill level 5 in Long Blades
   238 | D        | Reached skill level 5 in Axes
   238 | D        | Reached skill level 5 in Maces & Flails
   238 | D        | Reached skill level 5 in Polearms
   238 | D        | Reached skill level 5 in Staves
   238 | D        | Reached skill level 5 in Throwing
   238 | D        | Reached skill level 5 in Armour
   238 | D        | Reached skill level 5 in Shields
   238 | D        | Reached skill level 5 in Unarmed Combat
   238 | D        | Reached skill level 5 in Spellcasting
   238 | D        | Reached skill level 5 in Evocations
   288 | D        | Bought 3 scrolls of identify for 150 gold pieces
   293 | D        | Round 3.
   301 | D        | Reached skill level 10 in Ranged Weapons
   301 | D        | Bought a brightly glowing lead ring for 45 gold pieces
   301 | D        | Identified the ring of Compassion {+Blink Fly Stlth+} (You
                  | bought it in a shop in the Dungeon)
   301 | D        | Bought a faintly glowing copper ring for 45 gold pieces
   301 | D        | Identified the ring "Banoyn" {rF+ Int+4} (You bought it in
                  | a shop in the Dungeon)
   317 | D        | Reached XP level 7. HP: 58/60 MP: 14/14
   320 | D        | Learned a level 2 spell: Poisonous Vapours
   340 | D        | Offered knowledge of Scorch by Vehumet.
   340 | D        | Reached **** piety under Vehumet
   367 | D        | Arena points: 138 (+84) [x4]
   441 | D        | Round 4.
   442 | D        | Noticed a rime drake
   443 | D        | Noticed a rime drake
   459 | D        | Killed a rime drake
   459 | D        | Offered knowledge of Airstrike by Vehumet.
   460 | D        | Reached skill level 5 in Conjurations
   460 | D        | Reached skill level 5 in Hexes
   460 | D        | Reached skill level 5 in Summonings
   460 | D        | Reached skill level 5 in Necromancy
   460 | D        | Reached skill level 5 in Translocations
   460 | D        | Reached skill level 5 in Transmutations
   460 | D        | Reached skill level 5 in Fire Magic
   460 | D        | Reached skill level 5 in Ice Magic
   460 | D        | Reached skill level 5 in Air Magic
   460 | D        | Reached skill level 5 in Earth Magic
   460 | D        | Reached skill level 5 in Poison Magic
   460 | D        | Reached XP level 8. HP: 31/68 MP: 15/17
   463 | D        | Killed a rime drake
   463 | D        | Reached ***** piety under Vehumet
   465 | D        | Mangled by an ice beast

Illustrated notes

Levels and vault maps discovered:
D:        arena_sprint

Skill      XL: |  1  2  3  4  5  6  7  8 |
---------------+-------------------------+-----
Fighting       | 6 7 8 |  8.2
Short Blades   | 3 4 5 6 |  6.7
Long Blades    | 3 4 5 6 |  6.7
Axes           | 3 4 5 6 |  6.7
Maces & Flails | 3 4 5 6 |  6.7
Polearms       | 3 4 5 6 |  6.7
Staves         | 3 4 5 6 |  6.7
Ranged Weapons | 9 10 | 10.8
Throwing       | 3 4 5 6 |  6.7
Armour         | 3 4 5 6 |  6.7
Dodging        | 6 7 8 |  8.2
Stealth        | 4 5 6 7 |  7.1
Shields        | 3 4 5 6 |  6.7
Unarmed Combat | 3 4 5 6 |  6.7
Spellcasting   | 3 4 5 6 |  6.7
Conjurations   | 3 4 5 |  5.5
Hexes          | 3 4 5 |  5.5
Summonings     | 3 4 5 |  5.5
Necromancy     | 3 4 5 |  5.5
Translocations | 3 4 5 |  5.5
Transmutations | 3 4 5 |  5.5
Fire Magic     | 3 4 5 |  5.5
Ice Magic      | 3 4 5 |  5.5
Air Magic      | 3 4 5 |  5.5
Earth Magic    | 3 4 5 |  5.5
Poison Magic   | 3 4 5 |  5.5
Invocations    | 4 5 6 7 |  7.3
Evocations     | 3 4 5 6 |  6.7

Action                     |  1- 3 |  4- 6 |  7- 9 || total
---------------------------+-------+-------+-------++-------
   Fire: Shortbow          |     7 |    54 |    30 ||    91
   Cast: Magic Dart        |       |       |     1 ||     1
  Evoke: Wand              |     3 |     1 |     2 ||     6
    Use: Potion            |       |       |     3 ||     3
 Armour: Leather armour    |     4 |       |       ||     4
         Robe              |       |     2 |     4 ||     6
  Dodge: Dodged            |     2 |    20 |    28 ||    50

Table legend: (Time is in decaauts)
 A = Elapsed time spent in this place.
 B = Non-inter-level travel time spent in this place.
 C = Inter-level travel time spent in this place.
 D = Time resting spent in this place.
 E = Time spent auto-exploring this place.
 F = Levels seen in this place.
 G = Mean time per level.
                   A        B        C        D        E       F      G
               +--------+--------+--------+--------+--------+-----+--------+
         Total |    466 |    466 |      0 |      0 |    217 |   1 |  466.0 |
       Dungeon |    466 |    466 |      0 |      0 |    217 |   1 |  466.0 |
               +--------+--------+--------+--------+--------+-----+--------+

Top non-repeatable levels by time:
       D: 466 daAuts
